[Event "German Bundesliga 2022-23"]
[Site "Germany"]
[Date "2022.11.27"]
[Round "4.14"]
[White "Donchenko, Alexander"]
[Black "Kovacevic, Aleksandar"]
[Result "1/2-1/2"]
[ECO "A20"]
[WhiteElo "2645"]
[BlackElo "2470"]
[Annotator "TA"]
[PlyCount "41"]
[EventDate "2022.10.21"]
[EventType "team-tourn"]
[EventCountry "GER"]
[SourceTitle "playchess.com"]
[Source "ChessBase"]
[SourceQuality "1"]
[TimeControl "40/6000+30:3000+30"]

1. c4 e5 2. g3 Nf6 3. Bg2 c6 4. Nf3 e4 5. Nd4 d5 6. cxd5 Qxd5 7. Nc2 Qh5 8. h3 Na6 {[%emt 0:13:33] A20: English Opening: 1...e5.} 9. Nc3 {[%emt 0:02:48] [#]} Qe5 $146 ({Predecessor:} 9... Qg6 10. O-O Bd6 11. d3 exd3 12. Ne1 Qh5 13. Nxd3 Bxh3 14. Bf4 Bxg2 15. Kxg2 O-O-O 16. Qa4 Bxf4 17. Nxf4 {0-1 (49) Melkumyan,H (2655)-Izoria,Z (2602) Chess.com INT 2022}) 10. Rb1 (10. d4 {keeps more tension.} exd3 11. Qxd3 Nb4 12. Nxb4 Bxb4 13. O-O) 10... Bf5 {[%emt 0:03:33] The position is equal.} 11. Ne3 (11. b4 $11) 11... Bg6 $15 12. a3 Bc5 13. Qc2 Bd4 14. b4 Nc7 15. Bb2 O-O 16. O-O Rad8 17. Na4 Nb5 18. Nc3 Nc7 19. Rfd1 (19. Na4 $11) 19... b5 20. Na2 Ne6 {[%emt 0:02:30] And now ...Nh5 would win.} 21. Nc1 $1 {[%emt 0:01:40] Weighted Error Value: White=0.17 (very precise) /Black=0.12 (very precise)} 1/2-1/2

[Event "German Bundesliga 2022-23"]
[Site "Germany"]
[Date "2022.11.27"]
[Round "4.14"]
[White "Fedorchuk, Sergey A."]
[Black "Bogner, Sebastian"]
[Result "1-0"]
[ECO "C42"]
[WhiteElo "2634"]
[BlackElo "2540"]
[Annotator "TA"]
[PlyCount "113"]
[EventDate "2022.10.21"]
[EventType "team-tourn"]
[EventCountry "GER"]
[SourceTitle "playchess.com"]
[Source "ChessBase"]
[SourceQuality "1"]
[TimeControl "40/6000+30:3000+30"]

1. e4 e5 2. Nf3 Nf6 3. Nxe5 d6 4. Nf3 Nxe4 5. Bd3 Nf6 6. O-O Be7 7. h3 O-O 8. c3 {[%emt 0:00:13] C42: Petroff Defence: 3 Nxe5 and unusual White 3rd moves.} d5 {[%emt 0:06:57] is recently more successful than 8...b6.} 9. Bc2 Re8 {[%emt 0:04:06] is the legacy move (9...Bd6).} 10. d4 {[%emt 0:01:11] The position is equal.} Bd6 11. Bg5 Nbd7 12. Nbd2 Nf8 13. Re1 Rxe1+ 14. Qxe1 h6 15. Bh4 Ng6 {[%emt 0:05:46] Prevents Ne5.} 16. Bg3 {[%emt 0:09:58] [#]} Nf4 $146 (16... Bxg3 {simplifies} 17. fxg3 Qd6 18. Bxg6 fxg6 19. Ne5 g5) ({Predecessor:} 16... Bxg3 17. fxg3 Nf8 18. g4 N6h7 19. Qe3 c6 20. Ne5 Be6 21. Ndf3 Qe7 22. Re1 Re8 {½-½ (51) Shirov,A (2751)-Anand,V (2769) Leon 2000}) 17. Qe3 N6h5 18. Bh2 Be6 19. Kh1 g5 $1 20. Ne5 Qf6 21. Qf3 Ng7 22. Ng4 Bxg4 23. hxg4 {[%emt 0:00:07] Hoping for g3.} Ne8 (23... h5 $14) 24. Nf1 (24. g3 $16 Ne6 25. Qxd5) 24... c6 $14 25. Re1 Be7 26. Re5 (26. Ne3 {simplifies} Ng7 27. b4 Kf8 28. Kg1) 26... Ng7 27. Bxf4 gxf4 28. Qd3 {[%emt 0:00:06] Threatening mate with Qh7+.} Ne6 29. Nh2 Bd6 30. Rh5 {[%emt 0:00:29] Strongly threatening Qh7+.} Ng5 {[%emt 0:00:19] Against Qh7+} 31. Nf3 {[%emt 0:00:52] Black must now prevent Nxg5.} Ne4 32. Kg1 $36 {[%emt 0:00:47][%mdl 2048] White fights for an advantage.} Re8 33. Nh4 (33. Qd1 $14 {deserves consideration.}) 33... Ng5 (33... Ng3 $11 34. fxg3 Re1+ 35. Kf2 fxg3+ 36. Kxe1 Qf2+ 37. Kd1 Qg1+ 38. Ke2 (38. Kd2 Bf4+ 39. Ke2 Qf2+ 40. Kd1 Qg1+ 41. Ke2 Qf2+ 42. Kd1 Qg1+ 43. Ke2 $11) 38... Qf2+ 39. Kd1 Qg1+ 40. Ke2 (40. Kd2 Bf4+ 41. Ke2 Qf2+ 42. Kd1 Qg1+ 43. Ke2 Qf2+ 44. Kd1 Qg1+ 45. Ke2 $11) 40... Qf2+ 41. Kd1) 34. Kf1 $16 Qe6 35. Qd1 {[%emt 0:00:17] Prevents Qe1+.} Bf8 36. Nf5 a6 (36... Ne4 $14) 37. Bd3 {[%emt 0:00:30] Active counter play!} (37. f3 $142) 37... Bg7 (37... Ne4 $142) 38. Be2 (38. Qc1 $16) 38... Bf8 ({Better is} 38... Ne4 $14) 39. Bf3 (39. f3 $1 $16) 39... Bg7 40. Be2 (40. a3 $14) 40... Bf8 {[%emt 0:00:20] [#]} 41. g3 (41. f3 $1 $16) 41... fxg3 $14 42. Nxg3 Ne4 43. Nf5 Nd6 44. Ne3 (44. Bd3 $14) 44... Ne4 $11 45. Ng2 (45. Nf5 Bg7 $16) 45... Bd6 46. Bd3 Ng5 ({Black should play} 46... Qf6 $11 47. Bxe4 Rxe4) 47. Ne3 $14 Bf4 {[%emt 0:03:25] [#]} 48. Nf5 Ne4 49. Kg2 Nd6 {[%emt 0:01:59] This move loses the game for Black.} (49... Kf8 $16 {is a better defense.}) 50. Qf3 $18 Bc1 51. Qg3 Ne4 52. Qh2 {[%emt 0:00:00] And now f4 would win.} Kf8 $2 (52... Nxf2 53. Nxh6+ (53. Kxf2 Qe1+ 54. Kf3 Re3+ 55. Nxe3 Qxe3+ 56. Kg2 Qxd3 $16) 53... Bxh6 54. Rxh6 (54. Kxf2 Qe3+ 55. Kg2 Qd2+ 56. Kh1 Re1+) 54... Qxh6 55. Qxh6 Nxd3 56. Qg5+ Kf8) 53. f4 ({Not} 53. Nxh6 Bxh6 54. Rxh6 Qxg4+ 55. Kh1 Qd1+ 56. Kg2 Qg4+ 57. Kh1 Qf3+ 58. Kg1 Qg4+ 59. Kh1 $11 (59. Qg2 Qf4 $11)) 53... Qg6 54. Nxh6 Bxb2 (54... Re7 $142 55. Qh4 Qf6) 55. Qh4 {[%emt 0:02:44] White is clearly winning.} f6 56. Nf5 {[%emt 0:00:21] Intending Rh6 and mate.} Kf7 57. Rh6 {[%emt 0:01:13] Weighted Error Value: White=0.21 (precise) /Black=0.29 (precise)} 1-0

[Event "German Bundesliga 2022-23"]
[Site "Germany"]
[Date "2022.11.27"]
[Round "4.15"]
[White "Palac, Mladen"]
[Black "Gustafsson, Jan"]
[Result "1/2-1/2"]
[ECO "C84"]
[WhiteElo "2509"]
[BlackElo "2638"]
[Annotator "TA"]
[PlyCount "40"]
[EventDate "2022.10.21"]
[EventType "team-tourn"]
[EventCountry "GER"]
[SourceTitle "playchess.com"]
[Source "ChessBase"]
[SourceQuality "1"]
[TimeControl "40/6000+30:3000+30"]

1. e4 e5 2. Nf3 Nc6 3. Bb5 a6 4. Ba4 Nf6 5. O-O Be7 6. d3 b5 7. Bb3 O-O 8. Nc3 d6 9. a3 {[%emt 0:00:07] The position is equal.} Na5 {[%emt 0:00:39] C77: Ruy Lopez: 3...a6 4 Ba4 Nf6, unusual lines.} 10. Ba2 Be6 11. b4 Bxa2 12. Rxa2 Nc6 13. Bg5 h6 14. Bxf6 Bxf6 15. Nd5 Nd4 16. Nxd4 exd4 17. a4 {[%emt 0:02:24] Threatens to win with axb5.} c6 18. Nxf6+ Qxf6 {[%emt 0:00:10] [#]} 19. Qa1 $146 ({Predecessor:} 19. axb5 axb5 20. Qa1 Rxa2 21. Qxa2 c5 22. Rb1 c4 23. dxc4 Qe6 24. Rd1 Qxe4 25. cxb5 {½-½ (31) De Andres Senra,S (2139)-Tomilin,A (2107) ICCF email 2020}) 19... Rab8 20. axb5 axb5 {[%emt 0:00:10] An uneventful encounter.   Weighted Error Value: White=0.00 (flawless) /Black=0.02 (flawless)} 1/2-1/2

[Event "German Bundesliga 2022-23"]
[Site "Germany"]
[Date "2022.11.27"]
[Round "4.15"]
[White "Lokander, Martin"]
[Black "Kovalenko, Igor"]
[Result "0-1"]
[ECO "E24"]
[WhiteElo "2443"]
[BlackElo "2674"]
[Annotator "TA"]
[PlyCount "86"]
[EventDate "2022.10.21"]
[EventType "team-tourn"]
[EventCountry "GER"]
[SourceTitle "playchess.com"]
[Source "ChessBase"]
[SourceQuality "1"]
[TimeControl "40/6000+30:3000+30"]

1. d4 Nf6 2. c4 e6 3. Nc3 Bb4 4. a3 Bxc3+ 5. bxc3 c5 6. f3 d6 7. e4 Nc6 8. Be3 b6 9. Bd3 Na5 {[%emt 0:01:30] E24: Nimzo-Indian: Sämisch: Unusual Black 5th moves and 5...c5 sidelines.} 10. Ne2 Ba6 11. Ng3 Nd7 {[%emt 0:06:06] Black is slightly better.} (11... Bxc4 $2 12. Bxc4 Nxc4 13. Qa4+ Qd7 14. Qxc4 $18) (11... Nxc4 $2 12. Qa4+ b5 13. Qxa6 $18) 12. Qe2 Qc7 13. Rc1 O-O-O 14. f4 g6 {[%emt 0:03:30] [#]} 15. e5 $146 ({Predecessor:} 15. O-O Rde8 16. Rfd1 f5 17. Bf2 Rhf8 18. Re1 Nf6 19. e5 dxe5 20. fxe5 Ng4 21. Rcd1 {½-½ (55) Gutman,L (2485)-Short,N (2575) Biel 1985}) 15... f5 {[%emt 0:00:12][%cal Rd6e5] Against Ne4} 16. exf6 Nxf6 17. O-O Rhe8 18. Rfe1 Rd7 19. Nf1 Rf7 20. Nd2 Nh5 21. Rf1 Kb8 22. g4 Nf6 23. Bf2 (23. h3 $11) 23... Bb7 24. Bg3 Qc6 25. g5 Qh1+ (25... Nh5 {simplifies} 26. Be4 Qa4 27. Bxb7 Nxb7 28. Qd3 Rc8) 26. Kf2 Qg2+ 27. Ke1 Qxe2+ 28. Bxe2 Ne4 29. Nxe4 Bxe4 30. dxc5 bxc5 31. f5 exf5 {[%emt 0:00:04] [#] Threatens to win with ...Bd3.} 32. Bxd6+ Kb7 (32... Kc8 $17 {White must now prevent ...Bd3.} 33. Kf2 Rb7) 33. Kf2 $15 Kc6 34. Bf4 Rb7 {[%emt 0:00:30] And now ...Rb2 would win.} 35. Kg3 (35. Rcd1 $11 {keeps the balance.} Rb3 36. Rd6+ Kb7 37. Rd7+ Kb6 38. Rfd1) 35... Rb2 $36 {[%emt 0:01:41][%mdl 2048] Black has strong initiative.} 36. Rf2 (36. Rfe1 $142) 36... Rd8 (36... Ra2 $142 37. h4 (37. Rd1 $2 Nb7 $19) 37... Rxa3) 37. h4 Kb6 ({Black should try} 37... Ra2 $17 38. h5 Rxa3) 38. h5 gxh5 {[%emt 0:00:19][%cal Oa5c4] Black is much more active.} 39. Bxh5 $2 {[%emt 0:01:51][%mdl 8192] [#] This move loses the game for White.} (39. Rh2 $15) 39... Rd3+ $19 ({Not} 39... Nxc4 40. Rxb2+ Nxb2 41. Be2 $17) 40. Rf3 Bxf3 (40... Nxc4 41. Rxd3 Bxd3 42. Rd1 $11) 41. Bxf3 Nxc4 42. Rh1 Rxc3 ({Weaker is} 42... Nxa3 43. Rxh7 Rc2 44. Rh6+ Kb5 45. Rd6 $11) 43. Rh6+ $2 (43. Rxh7 Ra2 44. Rh1) 43... Kb5 {[%emt 0:00:07] Weighted Error Value: White=0.46/Black=0.26 (precise)} 0-1

[Event "German Bundesliga 2022-23"]
[Site "Germany"]
[Date "2022.11.27"]
[Round "4.16"]
[White "Movsesian, Sergei"]
[Black "Zelcic, Robert"]
[Result "1/2-1/2"]
[ECO "B12"]
[WhiteElo "2624"]
[BlackElo "2496"]
[Annotator "TA"]
[PlyCount "176"]
[EventDate "2022.10.21"]
[EventType "team-tourn"]
[EventCountry "GER"]
[SourceTitle "playchess.com"]
[Source "ChessBase"]
[SourceQuality "1"]
[TimeControl "40/6000+30:3000+30"]

1. e4 c6 2. d4 d5 3. e5 c5 4. dxc5 e6 5. a3 Bxc5 6. Qg4 Ne7 7. Bd3 Nbc6 8. Nf3 Ng6 9. O-O O-O 10. Qh5 Qc7 11. Nc3 a6 12. Ne2 h6 13. b4 Ba7 14. Bb2 Nce7 15. Qg4 Bd7 16. h4 Rfc8 17. h5 Nf8 18. Ned4 Nc6 19. Rae1 (19. Rfe1 {simplifies} Bxd4 20. Bxd4 Nxd4 21. Nxd4 Qd8 22. Qg3) 19... Qd8 20. Bc1 f5 (20... Kh8 $1 $11 {remains equal.}) 21. exf6 $16 Qxf6 22. Nxc6 Bxc6 23. Bf4 Bb5 24. Be5 Qf7 25. Re2 Rc4 26. Bd4 (26. Bxc4 $6 Bxc4 27. Rfe1 Bxe2 28. Rxe2 Rc8 $11) (26. Nd4 $16) 26... Bxd4 $1 $14 27. Nxd4 Qf6 28. Bxc4 Bxc4 29. Re3 Bxf1 30. Kxf1 Re8 31. c3 Qf7 32. Kg1 Qf6 33. a4 Re7 (33... e5 $11) 34. Qg3 Qf7 35. Qe5 Nd7 36. Qd6 $1 Nf8 37. Rf3 Qe8 38. a5 Rf7 (38... Nh7 $14) 39. Re3 Qa4 40. f3 (40. Kh2 $16) 40... Qd7 41. Qxd7 Rxd7 42. Nb3 (42. Nxe6 $2 {perishes.} Re7 43. Re5 Nxe6 $19) 42... Rd6 43. Nc5 b6 $1 44. axb6 Rxb6 45. Re1 d4 46. cxd4 Rxb4 47. Nxe6 Nxe6 ({Black should try} 47... a5 $1 $14) 48. Rxe6 $16 Rxd4 49. Rxa6 Rd5 50. g4 Rd2 51. Kf1 Kf7 52. Ke1 Rb2 53. Rd6 Ra2 54. Rd2 Ra7 55. Kf2 Rb7 56. Ke3 Ra7 57. Ke4 Rb7 58. Rd5 Ra7 59. Kf5 Rb7 60. f4 Ra7 61. Rc5 Rb7 62. Ke5 Re7+ {[%emt 0:00:46] [#]} 63. Kf5 (63. Kd4 $1 $16) 63... Ra7 (63... Rb7 $11) 64. Rb5 $16 Rc7 65. Ra5 Rb7 66. Ra4 Rc7 67. Ke4 Rb7 68. g5 hxg5 69. fxg5 Rb8 70. Ra7+ Kg8 71. Rd7 (71. g6 $16) 71... Ra8 {[%emt 0:00:05] [#]} (71... Kh7 $1 $11) 72. Ke5 (72. g6 $1 $16) 72... Kf8 (72... Kh7 $1 $11) 73. Ke6 ({Much weaker is} 73. h6 $6 gxh6 74. gxh6 Kg8 $11) 73... Ra6+ 74. Rd6 Ra8 75. Rc6 Rd8 76. Rc7 Ra8 77. Kd7 Kf7 78. Kd6+ Kf8 79. Ke6 Rb8 80. Kf5 Kg8 81. Ke6 Kf8 82. g6 Re8+ 83. Kd6 ({Reject} 83. Kd7 $6 Re7+ 84. Kd8 Rxc7 85. Kxc7 Ke7 $11) 83... Rd8+ 84. Rd7 (84. Ke5 $16) 84... Rxd7+ $1 $11 85. Kxd7 Kg8 86. Ke7 Kh8 87. h6 Kg8 88. h7+ Kh8 1/2-1/2

[Event "German Bundesliga 2022-23"]
[Site "Germany"]
[Date "2022.11.27"]
[Round "4.16"]
[White "Wagner, Dennis"]
[Black "Fedorovsky, Michael"]
[Result "1-0"]
[ECO "E15"]
[WhiteElo "2580"]
[BlackElo "2411"]
[Annotator "TA"]
[PlyCount "97"]
[EventDate "2022.10.21"]
[EventType "team-tourn"]
[EventCountry "GER"]
[SourceTitle "playchess.com"]
[Source "ChessBase"]
[SourceQuality "1"]
[TimeControl "40/6000+30:3000+30"]

1. d4 Nf6 2. c4 e6 3. Nf3 b6 4. g3 Ba6 5. b3 Bb4+ 6. Bd2 Be7 7. Bg2 c6 8. O-O O-O {[%emt 0:00:29] E15: Queen's Indian: 4 g3 sidelines, 4 g3 Ba6 and 4 g3 Bb7 early deviations.} 9. a4 $5 {[%emt 0:20:31][%mdl 4] 9.Qc2 is a critical line. Exploring less charted territory.} d5 10. Na3 (10. Ne5 {is interesting.} dxc4 11. bxc4 Qxd4 12. Bc3) 10... Nbd7 {[%emt 0:12:18] The position is equal.} 11. Qc2 Rc8 12. Rfc1 Ne4 13. Be1 f5 {[%emt 0:01:11] [#]} 14. e3 $146 ({Predecessor:} 14. Qa2 Bf6 15. b4 Bb7 16. Rab1 g5 17. e3 Bg7 18. Nd2 Kh8 19. Nxe4 fxe4 20. Qe2 {1-0 (43) Baburin,A (2419)-Froewis,G (2470) Dublin 2020}) 14... g5 15. b4 Qe8 (15... g4 {feels hotter.} 16. Ne5 Nxe5 17. dxe5 Rf7) 16. Qb3 Bb7 17. Nd2 Qf7 18. f3 Nef6 19. a5 (19. cxd5 {simplifies} exd5 20. e4 dxe4 21. Qxf7+ Rxf7 22. fxe4 fxe4 23. Nxe4 Nxe4 24. Bxe4 Bf6 25. Nc2) 19... bxa5 20. Nc2 axb4 {[%emt 0:01:24] Strongly threatening ...c5.} 21. Rxa7 Rb8 $1 22. c5 Bxc5 23. dxc5 $16 Nxc5 24. Qb1 {[%emt 0:00:54][%cal Oc2d4] Threatens to win with Nd4!} Nd3 25. Nxb4 Nxc1 26. Qxc1 Ra8 27. Rxa8 {[%emt 0:00:08] White has more active pieces.} (27. Nxc6 $6 Qc7 28. Qb1 Rxa7 29. Nxa7 Ba6 $11) 27... Rxa8 28. Nb3 $1 (28. Nxc6 $2 {loses.} Rc8 29. Qa1 Bxc6 $19) 28... Nd7 {[%emt 0:00:55] Inhibits Nc5.} 29. Nd3 $1 ({But not} 29. Nxc6 $6 Rc8 30. Nba5 Ne5 31. Nxe5 Rxc1 $11) 29... e5 ({Black should try} 29... Ba6 30. Qxc6 Qe8) 30. Nbc5 ({White should play} 30. Na5 e4 31. Nc5 (31. Nxb7 exd3 32. Na5 c5 $11)) 30... Nxc5 31. Qxc5 Qf8 (31... e4 $16 32. Ne5 Qf8) 32. Qb6 $18 Qb8 (32... Qe7 {is a better defense.} 33. Bf1 Ra6) 33. Bc3 $2 (33. Bf1 $1 $18) 33... Qa7 $1 $11 34. Qxa7 Rxa7 35. Bxe5 Ra3 36. Nc5 Rxe3 37. Bd4 Re1+ 38. Kf2 Rb1 39. f4 g4 40. h4 Bc8 41. Bf1 h5 42. Bd3 {[%emt 0:02:10][%mdl 1024] White has compensation.} Rc1 (42... Rd1 $11) 43. Nb3 $1 $16 Rh1 {[%emt 0:01:40][%mdl 8192] [#] A mistake that costs the game.} (43... Rd1 $16 44. Ke2 Rh1) 44. Bf1 $1 $18 Rh2+ {[%emt 0:10:28] [#]} 45. Bg2 $1 Ba6 46. Kg1 Rxg2+ (46... Rh3 {was called for.}) 47. Kxg2 {[%emt 0:00:03] White is clearly winning.} Kf7 48. Bc5 Bd3 49. Nd4 {[%emt 0:01:54] Weighted Error Value: White=0.12 (very precise) /Black=0.31} 1-0

[Event "German Bundesliga 2022-23"]
[Site "Germany"]
[Date "2022.11.25"]
[Round "7"]
[White "Pentala, Harikrishna"]
[Black "Nguyen, Thai Dai Van"]
[Result "1/2-1/2"]
[ECO "D02"]
[WhiteElo "2717"]
[BlackElo "2634"]
[Annotator "TA"]
[PlyCount "44"]
[EventDate "2022.10.21"]
[EventType "team-tourn"]
[EventCountry "GER"]
[SourceTitle "playchess.com"]
[Source "ChessBase"]
[SourceQuality "1"]
[TimeControl "40/6000+30:3000+30"]

1. Nf3 d5 2. g3 c5 3. Bg2 Nc6 4. d4 e6 5. O-O Nf6 6. b3 Be7 7. Bb2 O-O 8. Nbd2 Bd7 9. c4 cxd4 10. Nxd4 Nxd4 11. Bxd4 Bc6 {[%emt 0:00:00] D02: 1 d4 d5 2 Nf3 sidelines, including 2...Nf6 3 g3 and 2...Nf6 3 Bf4.} 12. Rc1 Rc8 {[%emt 0:03:00] [#]} 13. a4 $146 ({Predecessor:} 13. cxd5 Bxd5 14. Rxc8 Qxc8 15. Bxf6 Bxf6 16. Bxd5 exd5 17. Nf3 Qf5 18. Qd2 Rc8 19. Qe3 {1-0 (59) Artemiev,V (2704)-So,W (2772) chess24.com INT 2021}) 13... a6 {[%emt 0:11:30] The position is equal.} 14. cxd5 Bxd5 {[%emt 0:00:30] [#] Strongly threatening ...Rxc1.} 15. Rxc8 Qxc8 16. Bxf6 Bxf6 17. Bxd5 exd5 18. Nf3 Qe6 19. Qd2 d4 20. Rb1 h6 21. b4 Rc8 22. Nxd4 Bxd4 {[%emt 0:04:30] An even fight not without its subleties.   Weighted Error Value: White=0.07 (flawless) /Black=0.05 (flawless)} (22... Qd7 $5 23. e3 Qxa4 $11) 1/2-1/2

[Event "German Bundesliga 2022-23"]
[Site "Germany"]
[Date "2022.11.25"]
[Round "7"]
[White "Moiseenko, Alexander"]
[Black "Ragger; Markus"]
[Result "1/2-1/2"]
[ECO "D85"]
[WhiteElo "2582"]
[BlackElo "2632"]
[Annotator "TA"]
[PlyCount "49"]
[EventDate "2022.10.21"]
[EventType "team-tourn"]
[EventCountry "GER"]
[SourceTitle "playchess.com"]
[Source "ChessBase"]
[SourceQuality "1"]
[TimeControl "40/6000+30:3000+30"]

1. d4 Nf6 2. c4 g6 3. Nc3 d5 4. cxd5 Nxd5 5. e4 Nxc3 6. bxc3 Bg7 7. Nf3 c5 8. Bb5+ Nc6 9. O-O O-O 10. Bxc6 bxc6 11. Qc2 {[%emt 0:00:30] D85: Exchange Grünfeld: Unusual White 7th moves and lines with 7 Nf3.} Qa5 {[%emt 0:00:00] Prevents Ba3.} 12. a4 cxd4 13. cxd4 Bg4 14. Ne5 ({But not} 14. Qxc6 Bxf3 15. gxf3 Bxd4 $15) 14... Bxe5 15. dxe5 Qxe5 16. Bb2 Qa5 {[%emt 0:02:30] [#]} 17. f4 $146 (17. Ba3 {simplifies} Rfe8 18. Qc5 Qxc5 19. Bxc5 Be6 20. Rfb1) ({Predecessor:} 17. h3 Be6 18. Ba3 c5 19. Qxc5 Qxc5 20. Bxc5 Rfe8 21. Rfb1 Bc8 22. a5 Ba6 23. Rb4 {½-½ (45) Goryachkina,A (2610)-Vaishali,R (2401) Warsaw 2021}) 17... Rfd8 (17... Rad8 $5 18. Rf2 Rd6 $11) 18. Rf2 {[%emt 0:02:30] Inhibits Rd2. With the idea f5.} Rab8 19. f5 {[%emt 0:11:30] White wants to play h3.} gxf5 20. h3 ({Reject} 20. Qxc6 fxe4 21. Qxe4 Be6 $15) 20... Bh5 21. exf5 {[%emt 0:06:30] [#] Threatens to win with g4.} f6 $1 22. Qxc6 {[%emt 0:12:30] Strongly threatening Qe6+.} Qd5 23. Qc7 Qe4 {[%emt 0:08:30] Prevents Re1.} 24. Kh2 (24. Qxa7 $14 Bd1 25. Qc7) 24... Qe3 $11 25. Raf1 {[%emt 0:11:53] Weighted Error Value: White=0.08 (flawless) /Black=0.07 (flawless)} 1/2-1/2

[Event "German Bundesliga 2022-23"]
[Site "Germany"]
[Date "2022.11.25"]
[Round "7"]
[White "Saltaev, Mihail"]
[Black "Naumann, Alexander"]
[Result "1/2-1/2"]
[ECO "C77"]
[WhiteElo "2469"]
[BlackElo "2513"]
[Annotator "TA"]
[PlyCount "43"]
[EventDate "2022.10.21"]
[EventType "team-tourn"]
[EventCountry "GER"]
[SourceTitle "playchess.com"]
[Source "ChessBase"]
[SourceQuality "1"]
[TimeControl "40/6000+30:3000+30"]

1. e4 e5 2. Nf3 Nc6 3. Bb5 a6 4. Ba4 Nf6 5. d3 b5 6. Bb3 Bc5 7. Nc3 {[%emt 0:00:30] 7.c3 is a critical line.} d6 {[%emt 0:00:30] C77: Ruy Lopez: 3...a6 4 Ba4 Nf6, unusual lines.} 8. Nd5 h6 {[%emt 0:01:30] Against Bg5} 9. Nxf6+ Qxf6 10. Bd5 Bd7 11. Be3 O-O 12. O-O Rad8 13. Bxc6 Bxc6 14. Qe1 {[%emt 0:00:30] [#]} Bxe3 $146 ({Predecessor:} 14... Qe7 15. Bxc5 dxc5 16. Qe3 f5 17. exf5 Rxf5 18. Nd2 Qg5 19. Qxg5 Rxg5 20. f3 c4 21. Rac1 cxd3 22. cxd3 Rxd3 23. Rxc6 Rxd2 24. Rf2 Rd1+ {½-½ (24) Zvjaginsev,V (2653)-Ganguly,S (2585) Moscow 2005}) 15. fxe3 {[%emt 0:00:30][%cal Of3d4] [#] aiming for Nd4!} Bd7 16. Qa5 c5 17. Rf2 Ra8 18. Raf1 Qd8 19. Qe1 Qe7 20. Qa5 Qd8 21. Qe1 Qe7 22. Qa5 {[%emt 0:00:30] Weighted Error Value: White=0.06 (flawless) /Black=0.07 (flawless)} 1/2-1/2

[Event "German Bundesliga 2022-23"]
[Site "Germany"]
[Date "2022.10.21"]
[Round "7.1"]
[White "Narayanan.S.L"]
[Black "Eljanov, Pavel"]
[Result "1/2-1/2"]
[ECO "D37"]
[WhiteElo "2663"]
[BlackElo "2697"]
[Annotator "TA"]
[PlyCount "85"]
[EventDate "2022.10.21"]
[EventType "team-tourn"]
[EventCountry "GER"]
[SourceTitle "playchess.com"]
[Source "ChessBase"]
[SourceQuality "1"]
[TimeControl "40/6000+30:3000+30"]

1. d4 d5 2. c4 e6 3. Nf3 Nf6 4. Nc3 Nbd7 5. Qc2 dxc4 6. e4 {[%emt 0:00:16] D37: Queen's Gambit Declined: 5 Bf4.} c5 7. Bxc4 cxd4 8. Nxd4 Ne5 9. Bb5+ Bd7 10. O-O a6 (10... Bb4 {is interesting.} 11. Bf4 Ng6 12. e5 Bxc3 13. bxc3 Nd5) 11. Bxd7+ Nfxd7 {[%emt 0:00:05] [#]} 12. Rd1 $146 ({Predecessor:} 12. Qe2 Rc8 13. f4 Nc4 14. Kh1 Bb4 15. f5 Bxc3 16. bxc3 e5 17. Ne6 {1-0 (26) Schwerteck,M (2154)-Klaus,D (1994) Tuebingen 2007}) 12... Qh4 {[%emt 0:00:15] Prevents Bf4.} 13. Be3 Be7 (13... Ng4 14. Nf3 Nxe3 15. Qd2 $16 (15. Nxh4 $2 Nxc2 16. Rac1 Nb4 $19) (15. fxe3 Qh5 $16)) 14. Qe2 Rd8 15. f3 O-O 16. Rac1 Nb8 17. Nb3 Nbc6 18. Bb6 Rxd1+ 19. Rxd1 Qh5 20. Na4 Ng6 21. Be3 Bg5 22. Nac5 Nf4 (22... Rb8 $11) 23. Bxf4 $16 Bxf4 24. g3 Bb8 25. Nxb7 Ne5 26. Kg2 g5 27. N7c5 g4 {[%emt 0:02:51][%cal Rg4f3] [#]} 28. f4 {[%emt 0:01:37] Active counter play!} Nf3 {[%emt 0:01:26] [#]} 29. Kh1 (29. h4 $1 $16 {Strongly threatening Nd7.} Bxf4 30. Nd7 Nxh4+ 31. gxh4 Qxh4 32. Rh1 (32. Nxf8 $2 Qh2+ 33. Kf1 Qh1+ 34. Kf2 g3#) 32... Qg3+ 33. Kf1) 29... Rc8 $1 $11 30. Nd7 {[%emt 0:00:32] Pair of Knights!} (30. Nxa6 $6 Ba7 $16) (30. e5 $1 $14) 30... Kg7 $1 31. Nxb8 Rxb8 32. Nd4 Rb4 (32... Qc5 $5 33. Nxf3 gxf3 $11) 33. Nxf3 gxf3 $14 {[%emt 0:00:02][%mdl 4096] Endgame KQR-KQR} 34. Qc2 (34. Qe3 $5 Rc4 35. Rf1 $16 (35. Qd3 Qh3 $16)) 34... e5 ({But not} 34... f2 35. Kg2 $16) (34... Qb5 $11 {remains equal.}) 35. Rf1 $16 Qg4 ({Better is} 35... Rd4 $14) 36. fxe5 Rxe4 {[%emt 0:01:46][%cal Og4h3] Hoping for ...Qh3!} 37. Qc3 Qe6 38. Qxf3 Rxe5 39. Qc3 (39. b3 $16) 39... f6 $11 {[%emt 0:00:35] The position is equal.} 40. Qc7+ Kg6 {[%emt 0:00:10] And now ...Qd5+ would win.} 41. Qc2+ Kg7 42. Rd1 Re2 43. Rd7+ {[%emt 0:00:00] Weighted Error Value: White=0.13 (very precise) /Black=0.13 (very precise)} 1/2-1/2